 Dungeon Crawl Stone Soup version 0.29.0-10-g45618ea6d2 (webtiles) character file.

Game seed: 16060402909346800742

313 Flugkiller the Chopper (level 6, -2/84 HPs)
             Began as a Minotaur Fighter on Sept 1, 2022.
             Slain by Duvessa
             ... wielding a +2 short sword of protection
              (13 damage)
             ... on level 4 of the Dungeon.
             The game lasted 00:01:51 (2875 turns).

Flugkiller the Chopper (Minotaur Fighter)           Turns: 2875, Time: 00:01:51

Health: -2/84      AC: 23    Str: 20    XL:     6   Next: 19%
Magic:  5/5        EV:  2    Int:  5    God:
Gold:   115        SH:  4    Dex: 12    Spells: 5/5 levels left

rFire   . . .      SeeInvis .   a - +0 war axe
rCold   . . .      Faith    .   c - +0 buckler
rNeg    . . .      Spirit   .   (body armour currently unavailable)
rPois   +          Reflect  .   (helmet currently unavailable)
rElec   .          Harm     .   (cloak currently unavailable)
rCorr   .          Rampage  .   (gloves currently unavailable)
Will    .....      NoTele   +   (boots currently unavailable)
Stlth   +.........              (no amulet)
HPRegen 0.24/turn               v - +4 ring of evasion
MPRegen 0.09/turn               (no ring)

@: mighty, lit by a corona, tree-form, glowing
A: stationary, stasis, torment immunity, boosted hp, (horns 2), (retaliatory
headbutt)
a: no special abilities


You were on level 4 of the Dungeon.
You were a tree.
You visited 1 branch of the dungeon, and saw 4 of its levels.
You also visited: Sewer.

You collected 115 gold pieces.

Inventory:

Hand Weapons
 a - a +0 war axe (weapon)
Missiles
 g - 3 boomerangs (quivered)
Armour
 b - a +0 scale mail (melded)
 c - a +0 buckler (worn)
 x - a +0 pair of boots (melded)
   (You found it on level 3 of the Dungeon)
 A - a +2 pair of gloves (melded)
   (You found it on level 4 of the Dungeon)
Jewellery
 v - a +4 ring of evasion (left branch)
   (You found it on level 2 of the Dungeon)
Wands
 i - a wand of mindburst (11)
   (You found it on level 2 of the Dungeon)
Scrolls
 e - a scroll of enchant armour {unknown}
 j - a scroll of vulnerability {unknown}
 k - a scroll of summoning
 l - a scroll of acquirement {unknown}
 n - 2 scrolls of enchant weapon {unknown}
 o - 2 scrolls of immolation
 p - a scroll of noise {unknown}
 r - 2 scrolls of identify
 t - a scroll of teleportation
 y - a scroll of poison {unknown}
Potions
 f - a potion of lignification
 h - 3 potions of curing {unknown}
 m - 2 potions of degeneration {unknown}
 q - 4 potions of haste {unknown}
 s - 2 potions of mutation {unknown}
 u - a potion of magic {unknown}
 w - 2 potions of heal wounds {unknown}
 z - a potion of attraction {unknown}
 B - a potion of cancellation {unknown}


   Skills:
 + Level 5.2 Fighting
 * Level 5.8 Axes
 + Level 5.2 Armour
 - Level 3.6 Shields


You had 5 spell levels left.
You didn't know any spells.
Your spell library was empty.

Dungeon Overview and Level Annotations

Branches:
Dungeon (4/15)              Sewer (visited)
 Temple: D:4-7

Altars:
Uskayaw
Vehumet
Wu Jian

Annotations:
D:4 Duvessa


Innate Abilities, Weirdness & Mutations

You are a tree.
Your roots penetrate the ground, keeping you stationary.
You cannot be teleported.
You are immune to unholy pain and torment.
Your maximum health is greatly increased.
Your equipment is partially melded.
((You have a pair of horns on your head.))
((You reflexively headbutt those who attack you in melee.))


Message History

You feel sick.
A giant cockroach comes into view.
Things that are here:
a +0 dagger of venom; 2 stones; a kobold corpse You barely miss the hobgoblin.
You feel sick. The hobgoblin misses you. The hobgoblin barely misses you.
You furiously retaliate!
You headbutt the hobgoblin. You hit the hobgoblin but do no damage.
You headbutt the hobgoblin.
You kill the hobgoblin!
You feel sick. The giant cockroach barely misses you.
You barely miss the giant cockroach.
You feel sick. You block the giant cockroach's attack.
You hit the giant cockroach but do no damage.
You feel sick.
The giant cockroach bites you but does no damage.
You block the giant cockroach's attack.
You slash the giant cockroach!
You kill the giant cockroach!
You feel sick.
You are no longer poisoned.
No target in view!
You now have 102 gold pieces (gained 7).
An orc comes into view. It is wielding a +0 whip.
Found 13 gold pieces.
An orc is nearby!
An orc is nearby!
An orc is nearby!
The orc hits you but does no damage.
You hit the orc but do no damage. The orc closely misses you.
You furiously retaliate!
You headbutt the orc!
You kill the orc!
No target in view!
No target in view!
No target in view!
No target in view!
No target in view!
No target in view!
You now have 115 gold pieces (gained 13).
You see here a +0 dagger of venom.
Found an escape hatch in the floor.
q - 4 lumpy ruby potions (gained 1)
A ball python comes into view.
The ball python hisses angrily.
A ball python is nearby!
You slash the ball python!
You kill the ball python!
No target in view!
No target in view!
No target in view!
No target in view!
You see here a ball python corpse.
Dowan shouts!
You hear a shout!
Dowan is nearby!
Dowan zaps a wand.
The bolt of dispelling energy hits you!
The now-empty wand crumbles to dust.
Dowan gestures at you while chanting. You resist with some effort.
Okay, then.
You feel very mighty all of a sudden.
Dowan points at you and mumbles some strange words.
You are outlined in light.
You closely miss Dowan. Dowan closely misses you. You furiously retaliate!
You headbutt Dowan! You slice Dowan!!
You kill Dowan!
Duvessa screams, "No!
How DARE you!"
Duvessa goes berserk!
Duvessa hits you but does no damage.
You have reached level 6!
You turn into a tree.
Your +2 pair of gloves melds into your body.
Your +0 pair of boots melds into your body.
Your +0 scale mail melds into your body.
Your roots penetrate the ground.
Duvessa hits you with a +2 short sword of protection!
Duvessa hits you but does no damage.
You slash Duvessa!
Duvessa is lightly wounded.
Duvessa hits you but does no damage.
You barely miss Duvessa.
Duvessa is lightly wounded.
Duvessa hits you but does no damage.
Duvessa hits you with a +2 short sword of protection.
You slice Duvessa!!
Duvessa is heavily wounded.
Duvessa hits you but does no damage. You block Duvessa's attack.
You completely miss Duvessa.
Duvessa is heavily wounded.
Duvessa hits you but does no damage.
Duvessa hits you with a +2 short sword of protection!
You slash Duvessa!
Duvessa is heavily wounded.
Duvessa hits you with a +2 short sword of protection!
* * * LOW HITPOINT WARNING * * *
Duvessa hits you with a +2 short sword of protection!
* * * LOW HITPOINT WARNING * * *
You closely miss Duvessa.
Duvessa is heavily wounded.
Duvessa hits you but does no damage.
Duvessa hits you with a +2 short sword of protection!
You die...

#.###..# . ###†.### #..##.##
.... #...## #.....# ....
##...# ##....## .... ###...##
#####..#.....##.##..#
.####....#......##.####....#
.<.......#.........#.##....#
...##.##.............#.....##
...#### #.......♣e.........$
..## ###.................
..######.............>....#
#....#...##...............#
..........................##
............#..............#
.....)......##.............#
.........#.####.###....##.##
...........## ### #....##.#


You could see Duvessa (berserk).

Vanquished Creatures
  A phantom (D:3)
  Dowan (D:4)
  Terence (D:3)
  6 adders
  2 river rats (D:3)
  2 worms
  5 dart slugs
  3 orcs
  3 bats
  An endoplasm (D:3)
  4 giant cockroaches
  8 goblins
  6 hobgoblins
  8 quokkas
  11 ball pythons
  4 frilled lizards (Sewer)
  9 kobolds
  5 rats
80 creatures vanquished.

Vanquished Creatures (others)
  8 plants
8 creatures vanquished.

Grand Total: 88 creatures vanquished

Notes
Turn   | Place    | Note
-------+----------+-------------------------------------------
     0 | D:1      | Flugkiller the Minotaur Fighter began the quest for the
                  | Orb.
     0 | D:1      | Reached XP level 1. HP: 19/19 MP: 0/0
    39 | D:1      | Reached XP level 2. HP: 13/27 MP: 1/1
   687 | D:2      | Found a hide-covered altar of Uskayaw.
   726 | D:2      | Identified the +2 dagger "Sarcophage" {vorpal, Dex+4}
   854 | D:2      | Reached XP level 3. HP: 32/33 MP: 2/2
   862 | D:2      | Found a faded altar of an unknown god.
  1385 | D:3      | Found a glowing drain.
  1388 | D:3      | Reached XP level 4. HP: 35/41 MP: 3/3
  1391 | D:3      | Noticed a phantom
  1398 | D:3      | Killed a phantom
  1399 | D:3      | Reached skill level 5 in Axes
  1399 | D:3      | Reached XP level 5. HP: 34/47 MP: 4/4
  1406 | Sewer    | Entered a sewer
  1577 | D:3      | Identified the +7 spear of Articulation {flame, Int+4
                  | Dex+2}
  1745 | D:3      | Noticed Terence
  1750 | D:3      | Killed Terence
  1802 | D:3      | Identified the +5 dagger "Ittas" {vorpal, MP+9 Int+3}
  1805 | D:3      | Found an ornate altar of the Wu Jian Council.
  1928 | D:3      | Found a radiant altar of Vehumet.
  2044 | D:3      | Identified the +2 sling of Eternal War {freeze, rC+ Dex+4}
  2189 | D:4      | Reached skill level 5 in Fighting
  2189 | D:4      | Reached skill level 5 in Armour
  2361 | D:4      | Noticed Duvessa
  2361 | D:4      | Noticed Dowan
  2868 | D:4      | Killed Dowan
  2869 | D:4      | Reached XP level 6. HP: 39/56 MP: 5/5
  2875 | D:4      | Slain by Duvessa

Illustrated notes

Levels and vault maps discovered:
D:1:      lemuel_arrival_hallway, layout_basic, serial_forest,
          infiniplex_forest_clump_cross, infiniplex_forest_lined_3,
          infiniplex_forest_clump_tiny, infiniplex_forest_lined_room_2,
          infiniplex_forest_clump_tiny
D:2:      layout_basic, ebering_ecumenical_altar_webs, basic_altar,
          dk_noncrumbling_4, serial_bayou_pond_e
D:3:      layout_loops_ring, mainiacjoe_overflow_concentric_impassable,
          pdpol_wu_jian_five_deadly_venoms, portal_sewer_entry_a, uniq_terence
D:4:      layout_cave_pools, cheibriados_altar_1,
          nicolae_overflow_hidden_temple, uniq_duvessa

Skill      XL: |  1  2  3  4  5 |
---------------+----------------+-----
Axes           | 3 4 5 |  5.8
Fighting       | 4 5 |  5.2
Armour         | 4 5 |  5.2
Shields        | |  3.6

Action                   |  1- 3 |  4- 6 || total
-------------------------+-------+-------++-------
Melee: War axe           |    79 |    93 ||   172
       Headbutt          |    12 |    12 ||    24
  Use: Scroll            |       |     4 ||     4
       Potion            |       |     3 ||     3
Armor: Scale mail        |    32 |    23 ||    55
       Skin              |       |     8 ||     8
Dodge: Dodged            |    38 |    67 ||   105
Block: Buckler           |    29 |    18 ||    47
